 Dungeon Crawl Stone Soup version 0.30.0-5-g1a98f26d00 (webtiles) character file.

Game seed: 5265044973370775368

1932 booth the Conjurer (level 8, -1/61 HPs)
             Began as a Demonspawn Reaver on May 12, 2023.
             Was a Follower of Qazlal.
             Slain by a gnoll sergeant
             ... wielding a +0 spear
              (8 damage)
             ... on level 6 of the Dungeon.
             The game lasted 00:35:23 (6067 turns).

booth the Conjurer (Demonspawn Reaver)              Turns: 6067, Time: 00:35:24

Health: -1/61      AC:  5    Str: 14    XL:     8   Next: 97%
Magic:  14/14      EV: 16    Int: 14    God:    Qazlal [*.....]
Gold:   142        SH:  2    Dex: 15    Spells: 13/16 levels left

rFire   . . .        r - +4 dagger of the Conjuring Spider {flame, Dex+2}
rCold   + . .        (no shield)
rNeg    . . .        b - +0 leather armour
rPois   .            l - +0 helmet
rElec   .            i - +0 cloak
rCorr   .            (no gloves)
SInv    .            (no boots)
Will    +....        h - amulet of magic regeneration
Stlth   +            p - ring of willpower
HPRegen 0.30/turn    q - ring of protection from cold
MPRegen 0.54/turn

%: no passive effects
@: very slightly contaminated
A: repulsion field 2, powered by pain 2, spiny 1, demonic touch 1
a: Renounce Religion


You were on level 6 of the Dungeon.
You worshipped Qazlal.
Qazlal was aware of your devotion.
You visited 2 branches of the dungeon, and saw 7 of its levels.

You collected 186 gold pieces.
You spent 44 gold pieces at shops.

Inventory:

Hand Weapons
 a - a +1 hand axe
 e - a +1 heavy mace
 r - the +4 dagger of the Conjuring Spider (weapon) {flame, Dex+2}
   (You found it on level 3 of the Dungeon)

   Dex:       It affects your dexterity (+2).
Missiles
 k - 7 poisoned darts (quivered)
 y - 3 silver boomerangs
Armour
 b - a +0 leather armour (worn)
 i - a +0 cloak (worn)
 l - a +0 helmet (worn)
Jewellery
 h - an amulet of magic regeneration (around neck)
 p - a ring of willpower (left hand)
 q - a ring of protection from cold (right hand)
 t - a +6 ring of dexterity
 z - a ring of wizardry
Wands
 s - a wand of iceblast (11)
Scrolls
 d - a scroll of magic mapping
 f - a scroll of fog
 g - 2 scrolls of fear
 j - 4 scrolls of teleportation
 x - a scroll of poison
Potions
 c - a potion of lignification
 m - a potion of attraction
 n - 2 potions of curing
 o - a potion of flight
 u - a potion of haste
 v - a potion of brilliance {unknown}
 w - a potion of might {unknown}


   Skills:
 + Level 4.7 Fighting
 * Level 6.2 Axes
 + Level 4.3 Dodging
 + Level 4.5 Spellcasting
 * Level 6.9 Conjurations


You had 13 spell levels left.
You knew the following spells:

 Your Spells              Type           Power      Damage    Failure   Level
a - Kiss of Death         Conj/Necr      48%        2d9       5%          1
b - Momentum Strike       Conj/Tloc      24%        3d8       9%          2

Your spell library contained the following spells:

 Spells                   Type           Power      Damage    Failure   Level
 Hailstorm                Conj/Ice       12%        3d5       17%         3
 Ensorcelled Hibernation  Hex/Ice        6%         N/A       34%         2
 Passwall                 Tmut/Erth      2%         N/A       34%         2
 Swiftness                Air            3%         N/A       56%         3


Dungeon Overview and Level Annotations

Branches:
Dungeon (6/15)             Temple (1/1) D:4

Altars:
Ashenzari
Cheibriados
Dithmenos
Fedhas
Gozag
Hepliaklqana
Kikubaaqudgha
Makhleb
Nemelex Xobeh
Okawaru
Qazlal
Ru
Sif Muna
Trog
Uskayaw
Vehumet
Wu Jian
Xom
Yredelemnul

Shops:
D:1 ?   D:6 **


Innate Abilities, Weirdness & Mutations

You are surrounded by a moderate repulsion field. (EV +3)
You sometimes gain power by taking damage.
You are partially covered in sharp spines.
Your touch may inflict minor irresistible damage on your foes.


Message History

You hit the gnoll. You burn the gnoll.
The gnoll is severely wounded.
The gnoll is no longer moving quickly.
The gnoll sergeant is no longer moving quickly.
The gnoll hits you with a +0 whip. The gnoll misses you.
The gnoll barely misses you. The gnoll misses you.
The gnoll sergeant hits you from afar with a +0 spear!
Casting: Momentum Strike (safe; 9% risk of failure)
Confirm with . or Enter, or press ? or * to list all spells.
Aiming: Kiss of Death (safe; 6% risk of failure)
Press: ? - help, Shift-Dir - straight line, f - gnoll
Aim: a gnoll, wielding a +3 flail (severely wounded, 100% to hit)
You miscast Kiss of Death.
You are very lightly contaminated with residual magic.
Nothing appears to happen.
Your attacks no longer feel as feeble.
The gnoll is struck by your spines. The gnoll hits you with a +0 whip.
You block the gnoll's attack. The gnoll is struck by your spines.
The gnoll hits you with a +0 flail. The gnoll hits you but does no damage.
The gnoll sergeant misses you. The gnoll is struck by your spines.
You kill the gnoll!
Qazlal accepts your kill. The gnoll is struck by your spines.
You kill the gnoll!
Qazlal accepts your kill. The gnoll is struck by your spines.
The gnoll hits you with a +0 whip!
* * * LOW HITPOINT WARNING * * *
You hit the gnoll. You burn the gnoll.
You touch the gnoll.
You kill the gnoll!
Qazlal accepts your kill. The gnoll is struck by your spines.
The gnoll barely misses you. The gnoll sergeant barely misses you.
You hit the gnoll. You burn the gnoll.
You kill the gnoll!
Qazlal accepts your kill.
The gnoll sergeant hits you from afar with a +0 spear.
* * * LOW HITPOINT WARNING * * *
The gnoll sergeant hits you with a +0 spear!
You die...

##...## ##...# #.....## #)...#
#......###....# ##.....##....#
##.....#..##...# #.........#
...# ###.#..))## ...#
######)g)##..##.###
##..##..@○....###..###
##............###.<#..# ##
#.............###†.#..#..#
##..................#.....#
#......................#..
#....................### ..
###............#......#### #
#.##..........##.......#.#..
###........†.................#


You could see a gnoll sergeant.

Vanquished Creatures
  Prince Ribbit (D:5)
  Grinder (D:4)
  Sigmund (D:3)
  Eustachio (D:4)
  2 water moccasins (D:6)
  An ice beast (D:6)
  An ogre (D:5)
  A bullfrog (D:6)
  3 scorpions
  A gnoll bouda (D:6)
  An orc priest (D:5)
  2 hounds
  A sleepcap (D:5)
  Terence (D:2)
  5 orc wizards
  Natasha (twice) (D:4)
  An iguana (D:5)
  7 adders
  7 gnolls (D:6)
  An ufetubus (D:6)
  3 worms
  2 dart slugs (D:4)
  19 orcs
  6 ball pythons
  8 endoplasms
  5 giant cockroaches
  4 goblins
  7 hobgoblins
  3 jackals (D:3)
  A quokka (D:1)
  4 bats
  3 frilled lizards
  5 kobolds
  3 rats
114 creatures vanquished.

Notes
Turn   | Place    | Note
-------+----------+-------------------------------------------
     0 | D:1      | booth the Demonspawn Reaver began the quest for the Orb.
     0 | D:1      | Reached XP level 1. HP: 16/16 MP: 3/3
   229 | D:1      | Found Ryutiu Munt's Magic Scroll Shoppe.
   365 | D:1      | Gained mutation: You are surrounded by a mild repulsion
                  | field. (EV +2) [demonic ancestry]
   365 | D:1      | Reached XP level 2. HP: 22/22 MP: 5/5
   999 | D:1      | Bought a scroll of identify for 22 gold pieces
  1133 | D:2      | Gained mutation: You are surrounded by a moderate repulsion
                  | field. (EV +3) [demonic ancestry]
  1133 | D:2      | Reached XP level 3. HP: 17/27 MP: 6/6
  1363 | D:2      | Learned a level 2 spell: Momentum Strike
  1379 | D:2      | Noticed Terence
  1400 | D:2      | Killed Terence
  1544 | D:2      | Found a faded altar of an unknown god.
  1586 | D:2      | Gained mutation: Your touch may inflict minor irresistible
                  | damage on your foes. [demonic ancestry]
  1586 | D:2      | Reached XP level 4. HP: 13/33 MP: 7/7
  2023 | D:1      | Bought a scroll of identify for 22 gold pieces
  2210 | D:3      | Identified the +4 dagger of the Conjuring Spider {flame,
                  | Dex+2}
  2276 | D:3      | Found a broken altar of Ashenzari.
  2276 | D:3      | Noticed Sigmund
  2303 | D:3      | Killed Sigmund
  2304 | D:3      | Gained mutation: You are partially covered in sharp spines.
                  | [demonic ancestry]
  2304 | D:3      | Reached XP level 5. HP: 28/41 MP: 7/9
  3067 | D:3      | Reached XP level 6. HP: 47/47 MP: 10/10
  3438 | D:4      | Found a staircase to the Ecumenical Temple.
  3492 | Temple   | Entered the Ecumenical Temple
  3591 | Temple   | Became a worshipper of Qazlal Stormbringer
  3718 | D:4      | Noticed Eustachio
  3745 | D:4      | Killed Eustachio
  4162 | D:4      | Noticed Natasha
  4170 | D:4      | Killed Natasha
  4171 | D:4      | Gained mutation: You sometimes gain a little power by
                  | taking damage. [demonic ancestry]
  4171 | D:4      | Reached XP level 7. HP: 43/52 MP: 11/11
  4473 | D:4      | Noticed Grinder
  4496 | D:4      | Killed Grinder
  4497 | D:4      | Reached skill level 5 in Conjurations
  4556 | D:4      | Noticed Natasha
  4563 | D:4      | Killed Natasha
  4871 | D:5      | Entered Level 5 of the Dungeon
  5080 | D:5      | Reached skill level 5 in Axes
  5223 | D:5      | Reached * piety under Qazlal
  5224 | D:5      | Gained mutation: You sometimes gain power by taking damage.
                  | [demonic ancestry]
  5224 | D:5      | Reached XP level 8. HP: 37/60 MP: 13/13
  5482 | D:5      | Noticed Prince Ribbit
  5505 | D:5      | Killed Prince Ribbit
  5838 | D:6      | Found Xaochor's General Store.
  5844 | D:6      | Found Himace's Specific Store.
  6067 | D:6      | Slain by a gnoll sergeant

Illustrated notes

Levels and vault maps discovered:
D:1:      dpeg_arrival_court, layout_loops_ring, serial_shops, shop,
          minmay_misc_feat_enclosed, kennysheep_nondescript,
          nicolae_concentric_dashed_squares_wild, nrook_mini_vaults
D:2:      layout_basic, hellmonk_ecumenical_altar_blasted, hex_large,
          uniq_terence
D:3:      layout_basic, mainiacjoe_overflow_cross_hatched, uniq_sigmund
D:4:      layout_layer_cave, minmay_temple_entry_arrows, uniq_grinder,
          uniq_eustachio, uniq_natasha
D:5:      layout_basic, uniq_prince_ribbit1
D:6:      kennysheep_spiral_hall, layout_cave_pools, nicolae_specific_store
Temple:   kilobyte_greek_temple

Skill      XL: |  1  2  3  4  5  6  7  8 |
---------------+-------------------------+-----
Axes           | 3 4 5 6 |  6.2
Dodging        | 2 3 4 |  4.3
Fighting       | 3 4 |  4.7
Conjurations   | 4 5 6 |  6.9
Spellcasting   | 3 4 |  4.5

Action                     |  1- 3 |  4- 6 |  7- 9 || total
---------------------------+-------+-------+-------++-------
  Melee: Hand axe          |   117 |     7 |       ||   124
         Dagger            |       |    79 |   109 ||   188
         Touch             |       |     9 |    18 ||    27
  Throw: Dart              |       |     9 |     9 ||    18
   Cast: Kiss of Death     |     1 |       |       ||     1
         Momentum Strike   |       |       |     1 ||     1
    Use: Scroll            |     3 |     9 |     1 ||    13
         Potion            |       |       |     2 ||     2
 Armour: Leather armour    |    20 |    12 |    14 ||    46
  Dodge: Dodged            |    68 |    63 |    90 ||   221
  Block: Other             |       |       |     4 ||     4
